 Dungeon Crawl Stone Soup version 0.26-a0-1013-gf6ffb0d (webtiles) character file.

Game seed: 13380425070544209951

43802 Vixiris the Grappler (level 13, -6/135 HPs)
             Began as a Troll Berserker on Dec 7, 2020.
             Was the Champion of Trog.
             Mangled by a six-headed hydra (8 damage)
             ... while petrified by a basilisk
             ... on level 5 of the Lair of Beasts.
             The game lasted 01:28:22 (16967 turns).

Vixiris the Grappler (Troll Berserker)             Turns: 16967, Time: 01:28:23

Health: -6/135     AC:  9    Str: 32    XL:     13   Next: 92%
Magic:  12/12      EV:  1    Int:  3    God:    Trog [******]
Gold:   1137       SH:  0    Dex: 11    Spells: 12/12 levels left

rFire    . . .     SeeInvis .   b - +3 battleaxe (flame)
rCold    . . .     Faith    .   (shield currently unavailable)
rNeg     + + +     Spirit   .   z - +2 robe "Daip" {Dex+2}
rPois    ∞         Reflect  .   (helmet restricted)
rElec    .         Harm     .   r - +0 cloak
rCorr    .         Rampage  .   (gloves unavailable)
Will     .....                  (boots unavailable)
Stlth    +.........             j - amulet of regeneration
HPRegen  1.12/turn              U - +4 ring of evasion
MPRegen  0.13/turn              c - ring of poison resistance

@: petrified
A: large, unfitting armour, claws 3, regeneration 1, shaggy fur 1, tough skin 3
a: Berserk, Trog's Hand, Brothers in Arms, Renounce Religion


You were on level 5 of the Lair of Beasts.
You worshipped Trog.
Trog was exalted by your worship.
You visited 2 branches of the dungeon, and saw 18 of its levels.
You also visited: Ossuary.

You collected 1296 gold pieces.
You spent 159 gold pieces at shops.

Inventory:

Hand Weapons
 a - the +11 executioner's axe of Kauleqew {vorpal, Dex+3}
   (Trog gifted it to you on level 3 of the Lair of Beasts)

   It inflicts extra damage upon your enemies.
   It affects your dexterity (+3).
 b - a +3 battleaxe of flaming (weapon)
 D - a +5 battleaxe
 P - a +4 spectral quarterstaff
 X - a +1 battleaxe of freezing
Missiles
 d - 664 stones (quivered)
Armour
 r - a +0 cloak (worn)
 z - the +2 robe "Daip" (worn) {Dex+2}
   (You bought it in a shop on level 4 of the Dungeon)

   It affects your dexterity (+2).
 O - the +0 robe "Ikun" {rPois}
   (You found it on level 1 of the Lair of Beasts)

   It protects you from poison.
Jewellery
 c - a ring of poison resistance (right claw)
 j - an amulet of regeneration (around neck)
 u - an uncursed ring of willpower
 v - an uncursed amulet of reflection
 G - an uncursed ring of fire
 U - a +4 ring of evasion (left claw)
 Z - an uncursed ring of ice
Wands
 e - a wand of iceblast (20)
 g - a wand of paralysis (24)
 w - a wand of acid (5)
 A - a wand of digging (9)
 B - a wand of flame (28)
 C - a wand of disintegration (17)
 T - a wand of enslavement (7)
Scrolls
 k - 3 scrolls of fear
 l - 4 scrolls of identify
 m - a scroll of blinking
 n - 5 scrolls of remove curse
 p - a scroll of enchant armour
 q - 5 scrolls of enchant weapon
 x - 6 scrolls of immolation
 E - 9 scrolls of teleportation
 F - a scroll of silence {unknown}
 N - 2 scrolls of magic mapping
 Q - 2 scrolls of fog
 Y - a scroll of amnesia
Potions
 f - 3 potions of ambrosia
 h - 3 potions of haste
 i - a potion of magic {unknown}
 o - 2 potions of attraction
 s - 2 potions of lignification
 t - 2 potions of might
 y - 11 potions of curing
 J - 2 potions of mutation {unknown}
 K - a potion of resistance {unknown}
 L - 5 potions of flight


   Skills:
 - Level 10.4 Fighting
 * Level 11.5 Axes
 - Level 1.0 Throwing
 - Level 9.5 Dodging
 - Level 1.0 Shields
 - Level 12.4 Unarmed Combat
 - Level 0.1 Evocations


You had 12 spell levels left.
You didn't know any spells.
Your spell library contained the following spells:

 Spells                   Type           Power        Failure   Level
 Freeze                   Ice            #...         52%         1
 Frozen Ramparts          Ice            #.....       88%         3
 Ozocubu's Armour         Ice            #.......     88%         3
 Hailstorm                Conj/Ice       #.......     99%         4
 Summon Ice Beast         Ice/Summ       #.......     99%         4


Dungeon Overview and Level Annotations

Branches:
Dungeon (12/15)            Temple (0/1) D:5            Lair (6/6) D:11
  Swamp (0/4) Lair:2        Snake (0/4) Lair:2        Slime (0/5) Lair:5
    Orc (0/2) D:11        Ossuary (visited)

Altars:
Cheibriados
Gozag
Kikubaaqudgha
Okawaru
Uskayaw
Vehumet
Xom
Yredelemnul
Zin
Jiyva

Shops:
D:4 *[   D:7 !!   D:9 *

Portals:
Trove: D:12 (give +5 ice dragon scales)

Annotations:
Lair:3 exclusion: oklob plant


Innate Abilities, Weirdness & Mutations

You are too large for most types of armour.
You have claws for hands.
Your natural rate of healing is unusually fast.
You are covered in fur. (AC +1)
You have extremely tough skin. (AC +3)


Message History

As you read the scroll of blinking, it crumbles to dust.
Your surroundings seem slightly different.
Okay, then.
The basilisk gazes at you.
You are slowing down.
Your limbs are stiffening.
The yak gores you but does no damage.
You have turned to stone.
The yak gores you!
* * * LOW HITPOINT WARNING * * *
The yak gores you. The yak gores you but does no damage. The yak gores you!
* * * LOW HITPOINT WARNING * * *
The yak gores you but does no damage.
The six-headed hydra bites you but does no damage.
The six-headed hydra bites you!
* * * LOW HITPOINT WARNING * * *
The six-headed hydra bites you!
* * * LOW HITPOINT WARNING * * *
The six-headed hydra bites you!
You die...

......#####............# #≈#.≈≈≈
÷....P# #..####P..#+.# #≈##.+#
.....### #### ###...## #####..
.......## #####....## ##.#
#.......## ##.##P+P...# #####..#
.........# #........P.###.##≈P..
........## ##...>..........≈..≈≈.
........####.......####..≈..≈....
..........##....@..##≈≈≈≈≈≈.≈≈.≈.
..........###..YYD.#≈≈≈≈≈≈.≈≈≈≈≈≈
................l.##≈##..≈..≈≈.≈≈
........#.........#≈≈ ##≈......≈.
.........#...+....### ##....≈≈..
..........####......# #.##......
........######......## ###.#.....
........## #....>....### ###....P
.........###........##§# ##....


You could see a six-headed hydra, 2 yaks and a basilisk.

Vanquished Creatures
  Gastronok (D:10)
  A hydra (Lair:3)
  A boulder beetle (D:11)
  2 catoblepae
  A two-headed ogre (D:11)
  A deep elf archer (D:9)
  Pikel (D:5)
  2 cyclopes (D:11)
  Joseph (D:8)
  A centaur zombie (D:12)
  4 black mambas
  11 elephants (Lair:5)
  2 torpor snails (Lair:6)
  A gargoyle (D:11)
  11 cane toads
  2 rime drakes
  8 komodo dragons
  A polar bear (shapeshifter) (D:9)
  3 trolls
  A polar bear (Lair:3)
  4 blink frogs (Lair:4)
  2 tyrant leeches (Lair:2)
  Grinder (D:3)
  A slime creature (D:9)
  7 dream sheep (Lair:5)
  Sigmund (D:7)
  36 yaks
  A wraith (D:12)
  5 wyverns
  6 basilisks
  Edmund (D:7)
  2 swamp worms (Lair:2)
  Menkaure (D:4)
  4 nagas (Lair:2)
  A soldier ant (D:10)
  16 water moccasins
  8 sky beasts
  Purgy (D:3)
  6 ice beasts
  4 black bears
  11 orc warriors
  7 phantoms
  A necrophage (D:9)
  An eye of draining (D:9)
  4 ogres
  12 centaurs
  2 lemures (D:5)
  A big kobold (D:8)
  7 wolves
  22 bullfrogs
  A gnoll sergeant (D:12)
  2 elf skeletons (D:8)
  A water moccasin zombie (D:8)
  7 scorpions
  A wyvern skeleton (D:8)
  A water moccasin skeleton (D:8)
  14 killer bees
  14 wights
  A howler monkey (D:4)
  A quasit (D:7)
  2 jellies
  12 orc priests
  2 bullfrog skeletons
  5 hounds
  3 centaur skeletons
  A human skeleton (D:8)
  11 iguanas
  Ijyb (D:3)
  Terence (D:2)
  4 worker ants
  17 orc wizards
  2 hound zombies
  8 mummies (Ossuary)
  A worker ant zombie (D:9)
  12 gnolls
  2 howler monkey skeletons
  11 adders
  A white imp (D:7)
  A worker ant simulacrum (D:9)
  2 ufetubi
  2 oozes (D:1)
  An adder skeleton (D:4)
  An adder zombie (D:5)
  3 worms
  A dart slug (D:1)
  4 leopard geckos
  57 orcs
  11 giant cockroaches
  A gnoll zombie (Ossuary)
  8 goblins
  2 hobgoblins (D:3)
  15 jackals
  7 kobolds
  10 quokkas
  2 ball pythons
  8 bats
  5 frilled lizards
  3 hobgoblin zombies (Ossuary)
  3 kobold zombies (Ossuary)
  3 orc skeletons (D:8)
  An orc zombie (Ossuary)
  A quokka zombie (D:7)
  13 rats
  A butterfly (D:5)
537 creatures vanquished.

Vanquished Creatures (others)
  An orc wizard (D:9)
  A dart slug (D:4)
  32 fungi
  38 plants
72 creatures vanquished.

Grand Total: 609 creatures vanquished

Notes
Turn   | Place    | Note
-------+----------+-------------------------------------------
     0 | D:1      | Vixiris the Troll Berserker began the quest for the Orb.
     0 | D:1      | Reached XP level 1. HP: 22/22 MP: 0/0
   174 | D:1      | Reached XP level 2. HP: 27/29 MP: 1/1
   602 | D:1      | Reached XP level 3. HP: 36/36 MP: 2/2
   892 | D:2      | Reached skill level 4 in Unarmed Combat
   944 | D:2      | Reached XP level 4. HP: 42/44 MP: 3/3
   944 | D:2      | Reached ** piety under Trog
   969 | D:2      | Noticed a bullfrog
   973 | D:2      | Killed a bullfrog
   974 | D:2      | Reached XP level 5. HP: 53/53 MP: 4/4
  1146 | D:2      | Reached skill level 5 in Unarmed Combat
  1161 | D:2      | Noticed Terence
  1166 | D:2      | Killed Terence
  1788 | D:3      | Noticed Grinder
  1791 | D:3      | Paralysed by Grinder for 3 turns
  1800 | D:3      | Killed Grinder
  1801 | D:3      | Reached skill level 6 in Unarmed Combat
  1801 | D:3      | Reached XP level 6. HP: 25/61 MP: 5/5
  1979 | D:3      | Noticed Ijyb
  1981 | D:3      | Noticed Purgy
  2044 | D:3      | Killed Purgy
  2070 | D:3      | Killed Ijyb
  2071 | D:3      | Reached XP level 7. HP: 56/67 MP: 6/6
  2126 | D:3      | Found a radiant altar of Vehumet.
  2517 | D:4      | Noticed Menkaure
  2540 | D:4      | Killed Menkaure
  2541 | D:4      | Reached skill level 1 in Shields
  2541 | D:4      | Reached skill level 7 in Unarmed Combat
  2597 | D:4      | Found Onlij's General Store.
  2599 | D:4      | Found a shimmering altar of Xom.
  2613 | D:4      | Found an iron altar of Okawaru.
  2616 | D:4      | Reached *** piety under Trog
  2724 | D:4      | Reached skill level 8 in Unarmed Combat
  2783 | D:4      | Found an iron altar of Okawaru.
  2841 | D:4      | Reached XP level 8. HP: 74/78 MP: 7/7
  3082 | D:4      | Found Zamin's Antique Armour Boutique.
  3095 | D:4      | Bought a steaming robe for 159 gold pieces
  3105 | D:4      | Identified the +2 robe "Daip" {Dex+2} (You bought it in a
                  | shop on level 4 of the Dungeon)
  3123 | D:4      | Found an ancient bone altar of Kikubaaqudgha.
  3271 | D:5      | Entered Level 5 of the Dungeon
  3335 | D:5      | Reached skill level 9 in Unarmed Combat
  3438 | D:5      | Noticed Pikel
  3491 | D:5      | Killed Pikel
  3492 | D:5      | Reached skill level 10 in Unarmed Combat
  3580 | D:5      | Reached XP level 9. HP: 85/85 MP: 8/8
  3688 | D:5      | Reached skill level 1 in Throwing
  3702 | D:5      | Reached **** piety under Trog
  3991 | D:5      | Found a staircase to the Ecumenical Temple.
  4188 | D:6      | Found a hide-covered altar of Uskayaw.
  4451 | D:6      | Reached skill level 11 in Unarmed Combat
  4475 | D:6      | Reached skill level 5 in Fighting
  4475 | D:6      | Reached skill level 1 in Axes
  5047 | D:7      | Found Dutt's Distillery.
  5073 | D:7      | Found Xeretix's Distillery.
  5410 | D:7      | Reached XP level 10. HP: 70/96 MP: 9/9
  5536 | D:7      | Noticed Edmund
  5544 | D:7      | Killed Edmund
  5545 | D:7      | Reached skill level 5 in Dodging
  5599 | D:7      | Noticed Sigmund
  5602 | D:7      | Killed Sigmund
  5603 | D:7      | Reached skill level 12 in Unarmed Combat
  5703 | D:8      | Found a sand-covered staircase.
  5713 | Ossuary  | Entered an ossuary
  5727 | Ossuary  | Reached ***** piety under Trog
  6009 | D:8      | Found a basalt altar of Yredelemnul.
  6061 | D:8      | Noticed Joseph
  6078 | D:8      | Killed Joseph
  6760 | D:9      | Found Gozag's Platinum Reserve.
  7116 | D:9      | Received a gift from Trog
  7242 | D:9      | Found an opulent altar of Gozag.
  7310 | D:9      | Found an opulent altar of Gozag.
  7310 | D:9      | Found a snail-covered altar of Cheibriados.
  7312 | D:9      | Noticed a deep elf archer
  7338 | D:9      | Killed a deep elf archer
  7339 | D:9      | Reached XP level 11. HP: 87/107 MP: 10/10
  7574 | D:9      | Found a glowing silver altar of Zin.
  7637 | D:10     | Entered Level 10 of the Dungeon
  7920 | D:10     | Reached skill level 5 in Axes
  8005 | D:10     | Noticed Gastronok
  8055 | D:10     | Killed Gastronok
  8861 | D:11     | Noticed a boulder beetle
  8873 | D:11     | Killed a boulder beetle
  9114 | D:11     | Reached XP level 12. HP: 89/120 MP: 11/11
  9240 | D:11     | Noticed a two-headed ogre
  9278 | D:11     | Killed a two-headed ogre
  9575 | D:11     | Found a staircase to the Lair.
  9757 | D:10     | Reached ****** piety under Trog
  9762 | D:10     | Received a gift from Trog
  9910 | D:11     | Found a staircase to the Orcish Mines.
 10199 | D:12     | Found a portal to a secret trove of treasure.
 10670 | Lair:1   | Entered Level 1 of the Lair of Beasts
 11484 | Lair:1   | You fall into a shaft and drop 1 floor!
 11640 | Lair:1   | Got a tattered robe
 11651 | Lair:1   | Identified the +0 robe "Ikun" {rPois} (You found it on
                  | level 1 of the Lair of Beasts)
 11840 | Lair:1   | Got a scorched scimitar
 12650 | Lair:2   | Reached skill level 10 in Fighting
 12984 | Lair:2   | Found a staircase to the Swamp.
 13133 | Lair:2   | Found a staircase to the Snake Pit.
 13678 | Lair:3   | Noticed an eight-headed hydra
 13708 | Lair:3   | Killed a five-headed hydra
 13709 | Lair:3   | Reached XP level 13. HP: 75/135 MP: 12/12
 14001 | Lair:3   | Received a gift from Trog
 14101 | Lair:3   | Got a dazzling executioner's axe {god gift}
 14102 | Lair:3   | Identified the +11 executioner's axe of Kauleqew {vorpal,
                  | Dex+3} (Trog gifted it to you on level 3 of the Lair of
                  | Beasts)
 15674 | Lair:5   | Reached skill level 10 in Axes
 16399 | Lair:5   | Found a viscous altar of Jiyva.
 16399 | Lair:5   | Found a staircase to the Slime Pits.
 16619 | Lair:6   | Entered Level 6 of the Lair of Beasts
 16954 | Lair:5   | HP: 4/135 [six-headed hydra (18)]
 16967 | Lair:5   | HP: 2/135 [six-headed hydra (5)]
 16967 | Lair:5   | Mangled by a six-headed hydra

Illustrated notes

Levels and vault maps discovered:
D:1:      dpeg_arrival_ratfight, layout_basic
D:2:      cheibrodos_helix_gallery, layout_basic, minmay_misc_feat_square,
          uniq_terence
D:3:      layout_basic, vehumet_crystals, corner_web_ring, uniq_ijyb,
          uniq_purgy, uniq_grinder
D:4:      layout_loops_ring, xom_confusion_cloud, marbit_many_paths,
          old_standard_altar, serial_shops, shop_statue, shop,
          chequers_decorated_corner, kennysheep_okawaru_gauntlet, uniq_menkaure
D:5:      layout_gridville, minmay_temple_entry_butterflies, uniq_pikel
D:6:      layout_basic, nicolae_overflow_crystal_walls
D:7:      layout_basic, serial_shops, shop, shop, corexii_leaking_fountain,
          hangedman_glass_teeth, sigmund_edmund_badplayer
D:8:      layout_loops_ring, yredelemnul_altar_generic,
          nicolae_ossuary_entry_catacombs, uniq_joseph
D:9:      layout_cave_pools, zin_statuary, nicolae_gozag_zags_fifth_avenue,
          kennysheep_flooded_box, jmf_multi_god_temple
D:10:     layout_roguey, uniq_gastronok
D:11:     layout_cave_pools, grunt_lair_entry_orc_guard_hut, david_orc_4
D:12:     layout_rooms, nicolae_trove_entry_isolated
Lair:1:   layout_roguey, cheibrodos_lair_caveside_slide,
          infiniplex_staircase_pool
Lair:2:   layout_cave_pods, minmay_swamp_entry_worms,
          minmay_snake_entry_guardpost_medium, nicolae_lair_grove_arrangements
Lair:3:   layout_regular_city, minmay_lair_oklob_chamber
Lair:4:   layout_loops_ring, gauntlet_entry_generic
Lair:5:   layout_roguey, dpeg_slime_entry_enclosed_altar, serial_rivers,
          chequers_serial_rivers_room_b, chequers_serial_rivers_marsh,
          chequers_serial_rivers_micro_a, chequers_serial_rivers_small_b,
          chequers_serial_rivers_small_3, chequers_serial_rivers_marsh
Lair:6:   cheibrodos_lair_end_hotspot, layout_small_grid,
          chequers_serial_rivers_small_a

Skill      XL: |  1  2  3  4  5  6  7  8  9 10 11 12 13 |
---------------+----------------------------------------+-----
Unarmed Combat | 4 6 8 10 11 12 | 12.4
Fighting       | 3 4 5 6 8 10 | 10.4
Dodging        | 3 4 6 8 9 |  9.5
Shields        | 1 |  1.0
Throwing       | 1 |  1.0
Axes           | 1 4 6 7 11 | 11.5
Evocations     | |  0.1

Action                   |  1- 3 |  4- 6 |  7- 9 | 10-12 | 13-15 || total
-------------------------+-------+-------+-------+-------+-------++-------
Melee: Unarmed           |   104 |    86 |   302 |   799 |     7 ||  1298
       Punch             |       |     3 |    16 |    57 |       ||    76
       Battleaxe         |       |       |       |     3 |    12 ||    15
       Executioner's axe |       |       |       |       |   202 ||   202
Throw: Stone             |       |     2 |    15 |    28 |     6 ||    51
Evoke: Wand              |       |       |     1 |     3 |       ||     4
  Use: Scroll            |       |     3 |     3 |    14 |     7 ||    27
       Potion            |       |     2 |       |    10 |     2 ||    14
 Stab: Sleeping          |       |       |     1 |     1 |       ||     2
       Petrified         |       |       |       |       |     1 ||     1
Armor: Animal skin       |    49 |    16 |    13 |       |       ||    78
       Robe              |       |       |    62 |   193 |    65 ||   320
Dodge: Dodged            |    54 |    33 |   126 |   416 |   299 ||   928
Block: Other             |    12 |    12 |    53 |   142 |     8 ||   227
       Reflection        |       |     1 |     5 |     9 |       ||    15

Table legend: (Time is in decaauts)
 A = Elapsed time spent in this place.
 B = Non-inter-level travel time spent in this place.
 C = Inter-level travel time spent in this place.
 D = Time resting spent in this place.
 E = Time spent auto-exploring this place.
 F = Levels seen in this place.
 G = Mean time per level.
                   A        B        C        D        E       F      G
               +--------+--------+--------+--------+--------+-----+--------+
         Total |  16856 |  16515 |    341 |   2479 |   9586 |  19 |  887.2 |
       Dungeon |  10381 |  10102 |    279 |   1029 |   6637 |  12 |  865.1 |
          Lair |   6273 |   6211 |     62 |   1450 |   2852 |   6 | 1045.5 |
       Ossuary |    201 |    201 |      0 |      0 |     97 |   1 |  201.0 |
               +--------+--------+--------+--------+--------+-----+--------+

Top non-repeatable levels by time:
  Lair:2: 1407 daAuts
    D:10: 1331 daAuts
  Lair:1: 1214 daAuts
    D:11: 1172 daAuts
  Lair:3: 1117 daAuts
  Lair:5: 1097 daAuts
  Lair:4: 1077 daAuts
     D:8: 989 daAuts
     D:4: 857 daAuts
     D:6: 852 daAuts
     D:5: 838 daAuts
     D:3: 826 daAuts
     D:1: 784 daAuts
     D:2: 780 daAuts
     D:9: 768 daAuts
